 Dungeon Crawl Stone Soup version 0.28-a0-779-g3d1f99b579 (webtiles) character file.

Game seed: 1010473984164772801

108 croobank the Sneak (level 4, -3/33 HPs)
             Began as a Vampire Brigand on Nov 2, 2021.
             Slain by an ice beast (11 damage)
             ... on level 4 of the Dungeon.
             The game lasted 00:18:55 (2271 turns).

croobank the Sneak (Vampire Brigand)                Turns: 2271, Time: 00:18:56

Health: -3/33      AC:  3    Str: 11    XL:     4   Next: 58%
Magic:  1/4        EV: 12    Int: 13    God:
Gold:   198        SH:  0    Dex: 15    Spells: 1/3 levels left

rFire   . . .      SeeInvis +   a - +2 dagger
rCold   . . .      Faith    .   (no shield)
rNeg    . . .      Spirit   .   b - +0 robe
rPois   .          Reflect  .   (no helmet)
rElec   .          Harm     .   c - +0 cloak
rCorr   .          Rampage  .   (no gloves)
Will    .....                   (no boots)
Stlth   ++++......              (no amulet)
HPRegen 0.31/turn               (no ring)
MPRegen 0.09/turn               (no ring)

@: healing quickly
A: alive, fangs 3, see invisible, vampiric 2
a: Exsanguinate


You were on level 4 of the Dungeon.
You visited 1 branch of the dungeon, and saw 4 of its levels.

You collected 198 gold pieces.

Inventory:

Hand Weapons
 a - a +2 dagger (weapon)
 i - a +0 quarterstaff
 j - a +0 short sword
 k - a +0 hunting sling
 q - a +2 hunting sling of freezing
 s - a +0 short sword
Missiles
 d - 3 poisoned darts
 e - 2 curare-tipped darts
 h - 105 stones
 n - 8 arrows
Armour
 b - a +0 robe (worn)
 c - a +0 cloak (worn)
 g - a +0 leather armour
Scrolls
 l - a scroll of fog
 t - a scroll of magic mapping {unknown}
Potions
 f - a potion of resistance
 m - a potion of berserk rage
 o - a potion of heal wounds {unknown}
 p - 3 potions of might {unknown}
 r - a potion of curing {unknown}
 u - a potion of cancellation {unknown}


   Skills:
 + Level 2.0 Fighting
 + Level 3.0 Short Blades
 + Level 2.5 Throwing
 + Level 1.5 Dodging
 + Level 7.4 Stealth


You had one spell level left.
You knew the following spells:

 Your Spells              Type           Power      Damage    Failure   Level
a - Animate Skeleton      Necr           0%         N/A       30%         1
b - Pain                  Necr           0%         1d4       30%         1

Your spell library contained the following spells:

 Spells                   Type           Power      Damage    Failure   Level
 Vampiric Draining        Necr           0%         2d6       67%         3


Dungeon Overview and Level Annotations

Branches:
Dungeon (4/15)
 Temple: D:4-7

Altars:
Gozag
Nemelex Xobeh


Innate Abilities, Weirdness & Mutations

Your natural rate of healing is accelerated.
You have razor-sharp teeth.
You have supernaturally acute eyesight. (SInv)
You are afflicted with vampirism and can become a bat while bloodless.


Message History

Aiming: Pain (safe; 30% risk of failure)
Press: ? - help, Q - select action, (/) - cycle Shift-Dir - straight line, f/p - ice beast
Aim: an ice beast (lightly wounded, chance to affect: 32%)
The ice beast easily resists.
You hit the ice beast but do no damage.
The ice beast is lightly wounded.
The ice beast hits you. The ice beast freezes you.
You hit the ice beast but do no damage.
The ice beast is lightly wounded.
You closely miss the ice beast.
The ice beast is lightly wounded.
The ice beast hits you but does no damage.
You hit the ice beast. Your bite misses the ice beast.
The ice beast is moderately wounded.
The ice beast barely misses you.
A scorpion comes into view.
You closely miss the ice beast.
The ice beast is moderately wounded.
The ice beast barely misses you.
You barely miss the ice beast. Your bite misses the ice beast.
The ice beast is moderately wounded.
The ice beast hits you. The ice beast freezes you!
* * * LOW HITPOINT WARNING * * *
Casting: Pain (safe; 30% risk of failure)
Confirm with . or Enter, or press ? or * to list all spells.
Aiming: Pain (safe; 30% risk of failure)
Press: ? - help, Shift-Dir - straight line, f/p - ice beast
Aim: an ice beast (moderately wounded, chance to affect: 32%)
The ice beast easily resists.
The ice beast misses you.
You closely miss the ice beast.
The ice beast is moderately wounded.
The ice beast hits you but does no damage.
You closely miss the ice beast. Your bite misses the ice beast.
The ice beast is moderately wounded.
You hit the ice beast. Your bite misses the ice beast.
The ice beast is moderately wounded.
The ice beast hits you.
* * * LOW HITPOINT WARNING * * *
The ice beast freezes you!
You die...

^..#####################
......Y@................
...#######.#############
#.# #.##########
#.#........#
######.#........# ##
#...............# #.
.................# #.
#............#.#####.


You could see an ice beast.

Vanquished Creatures
  A centaur skeleton (D:2)
  5 adders
  A dart slug (D:1)
  4 bats
  3 endoplasms
  3 giant cockroaches
  2 goblins (D:2)
  A quokka (D:3)
  6 ball pythons
  3 frilled lizards (D:2)
  3 kobolds
  6 rats
38 creatures vanquished.

Notes
Turn   | Place    | Note
-------+----------+-------------------------------------------
     0 | D:1      | croobank the Vampire Brigand began the quest for the Orb.
     0 | D:1      | Reached XP level 1. HP: 16/16 MP: 1/1
   139 | D:1      | Reached skill level 6 in Stealth
   509 | D:1      | Reached XP level 2. HP: 22/22 MP: 2/2
   609 | D:2      | Reached skill level 7 in Stealth
   622 | D:2      | Gained mutation: You are afflicted with vampirism and can
                  | become a bat while bloodless. [Vampire growth]
   622 | D:2      | Reached XP level 3. HP: 23/27 MP: 3/3
   883 | D:2      | Learned a level 1 spell: Animate Skeleton
   903 | D:2      | Reached XP level 4. HP: 23/33 MP: 4/4
  1145 | D:2      | Learned a level 1 spell: Pain
  1713 | D:3      | Found a faded altar of an unknown god.
  1951 | D:3      | Found an opulent altar of Gozag.
  1951 | D:3      | Found a sparkling altar of Nemelex Xobeh.
  2257 | D:4      | Noticed an ice beast
  2265 | D:4      | Noticed a scorpion
  2271 | D:4      | Slain by an ice beast

Illustrated notes

Levels and vault maps discovered:
D:1:      erik_arrival_blinker_ship, layout_basic, minivault_25,
          minmay_misc_feat_more_columns
D:2:      layout_loops_ring
D:3:      layout_basic, grunt_temple_overflow_opulence,
          shapermc_ecumenical_altar_starsandcircs, serial_glass,
          glass_columns_a, glass_columns_a
D:4:      layout_basic, mainiacjoe_overflow_big_doors,
          amcnicky_mini_corridor_feature

Skill      XL: |  1  2  3  4 |
---------------+-------------+-----
Stealth        | 6 7 |  7.4
Fighting       | 2 |  2.0
Throwing       | 2 |  2.5
Short Blades   | 3 |  3.0
Dodging        | |  1.5

Action                   |  1- 3 |  4- 6 || total
-------------------------+-------+-------++-------
Melee: Dagger            |    50 |    67 ||   117
       Bite              |     7 |     5 ||    12
Throw: Dart              |    38 |     1 ||    39
       Stone             |     1 |    19 ||    20
 Cast: Pain              |       |     5 ||     5
       Animate Skeleton  |       |     2 ||     2
  Use: Scroll            |     2 |     1 ||     3
 Stab: Sleeping          |     2 |     3 ||     5
Armor: Robe              |    18 |    17 ||    35
Dodge: Dodged            |    36 |    36 ||    72

Table legend: (Time is in decaauts)
 A = Elapsed time spent in this place.
 B = Non-inter-level travel time spent in this place.
 C = Inter-level travel time spent in this place.
 D = Time resting spent in this place.
 E = Time spent auto-exploring this place.
 F = Levels seen in this place.
 G = Mean time per level.
                   A        B        C        D        E       F      G
               +--------+--------+--------+--------+--------+-----+--------+
         Total |   2251 |   2186 |     65 |      2 |   1590 |   4 |  562.8 |
       Dungeon |   2251 |   2186 |     65 |      2 |   1590 |   4 |  562.8 |
               +--------+--------+--------+--------+--------+-----+--------+

Top non-repeatable levels by time:
     D:2: 821 daAuts
     D:3: 724 daAuts
     D:1: 585 daAuts
     D:4: 120 daAuts
